 Dungeon Crawl Stone Soup version 0.18.1-8-gdd0e5ea (webtiles) character file.

23 Lebecks the Ruffian (level 2, -6/23 HPs)
             Began as a Draconian Transmuter on June 3, 2016.
             Was a Follower of Elyvilon.
             Killed by nerve-wracking pain
             ... invoked by Grinder
              (12 damage)
             ... on level 3 of the Dungeon.
             The game lasted 00:13:09 (2217 turns).

Lebecks the Ruffian (Draconian Transmuter)          Turns: 2217, Time: 00:13:10

Health: -6/23      AC:  4    Str: 12    XL:     2   Next: 75%
Magic:  5/5        EV: 12    Int: 13    God:    Elyvilon [*.....]
Gold:   51         SH:  0    Dex: 11    Spells: 1 memorised, 4 levels left

rFire  . . .     SeeInvis .     j - +0 short sword
rCold  . . .     Gourm    .     (armour unavailable)
rNeg   . . .     Faith    .     (no shield)
rPois  .         Spirit   .     (helmet restricted)
rElec  .         Dismiss  .     (no cloak)
rCorr  .         Reflect  .     (no gloves)
SustAt .         Harm     .     (no boots)
MR     .....                    (no amulet)
Stlth  +.........               (no ring)
                                (no ring)

@: protection, not resistant to hostile enchantments, very unstealthy
A: unfitting armour, cold-blooded, AC +4
a: Lesser Healing, Divine Protection, Renounce Religion


You were on level 3 of the Dungeon.
You worshipped Elyvilon.
Elyvilon was aware of your devotion.
You were not hungry.

You visited 1 branch of the dungeon, and saw 3 of its levels.

You collected 51 gold pieces.

Inventory:

Hand Weapons
 d - a +0 club
 f - a +0 mace
 j - a +0 short sword (weapon)
Missiles
 a - 20 arrows
 e - 49 bolts
Scrolls
 i - 3 scrolls of identify
 k - a scroll of remove curse
 l - 2 scrolls of amnesia {unknown}
Potions
 g - a potion of lignification {unknown}
 h - a potion of curing
 n - a potion of brilliance {unknown}
 o - a potion of mutation {unknown}
 p - a potion of agility {unknown}
Books
 b - a book of Changes

   Spells                             Type                      Level
   a - Beastly Appendage              Transmutation                1
   b - Sticks to Snakes               Transmutation                2
   c - Spider Form                    Transmutation/Poison         3
   d - Ice Form                       Ice/Transmutation            4
   e - Blade Hands                    Transmutation                5
Comestibles
 c - 2 meat rations
 m - a bread ration


   Skills:
 + Level 1.2 Fighting
 + Level 2.1 Dodging
 + Level 3.4 Unarmed Combat
 + Level 2.2 Spellcasting
 + Level 2.1 Transmutations


You had 4 spell levels left.
You knew the following spells:

 Your Spells              Type           Power        Failure   Level  Hunger
a - Beastly Appendage     Trmt           #.....       12%         1    ##.....


Dungeon Overview and Level Annotations

Branches:
Dungeon (3/15)

Altars:
Elyvilon

Annotations:
D:3 Grinder


Innate Abilities, Weirdness & Mutations

Your plain brown scales are hard (AC +4).
Your body does not fit into most forms of armour.
You are cold-blooded and may be slowed by cold attacks.


Message History

Grinder blinks!
You closely miss Grinder.
Grinder says, "I used to sell toenails on the black market."
Grinder gestures at you.
You suddenly lose the ability to move!
The rat bites you but does no damage. Grinder hits you but does no damage.
The rat bites you. Grinder gestures at you. Pain shoots through your body!
The rat bites you. Grinder hits you.
You writhe in agony.
* * * LOW HITPOINT WARNING * * *
The rat bites you but does no damage. Grinder hits you but does no damage.
You can move again.
You beseech Elyvilon to protect your life.
The rat completely misses you. Grinder hits you but does no damage.
The rat completely misses you. Grinder gestures at you.
Pain shoots through your body!
Ouch! That really hurt!
You die...

#.## #..#
§≈≈# ##.#
.§§≈ #.#
...≈§ #.#
....≈ #.#
§....§#.#
≈....≈#.#
≈.....r@#
≈.....5.#
≈..§.≈###
≈?...§
....≈≈
...≈§
..≈≈#
.≈≈#


You could see Grinder and a rat.

Vanquished Creatures
  A dart slug (D:1)
  A giant cockroach (D:1)
  3 hobgoblins
  A ball python (D:1)
  5 bats
  5 giant newts
  3 goblins (D:2)
  2 kobolds
  2 rats
23 creatures vanquished.

Vanquished Creatures (others)
  A goblin (D:1)
  A rat (D:1)
2 creatures vanquished.

Grand Total: 25 creatures vanquished

Notes
Turn   | Place    | Note
--------------------------------------------------------------
     0 | D:1      | Lebecks the Draconian Transmuter began the quest for the Orb.
     0 | D:1      | Reached XP level 1. HP: 16/16 MP: 3/3
   414 | D:1      | Reached XP level 2. HP: 4/23 MP: 5/5
  1232 | D:2      | Found a white marble altar of Elyvilon.
  1246 | D:2      | Became a worshipper of Elyvilon the Healer
  1973 | D:2      | Reached * piety under Elyvilon
  2197 | D:3      | Noticed Grinder
  2198 | D:3      | Paralysed by Grinder for 5 turns
  2211 | D:3      | Paralysed by Grinder for 5 turns
  2217 | D:3      | Killed from afar by Grinder

Skill      XL: |  1 |
---------------+----+-----
Dodging        | 2 |  2.1
Fighting       | |  1.2
Unarmed Combat | |  3.4
Spellcasting   | |  2.2
Transmutations | |  2.1

Action                   || total
-------------------------++-------
Melee: Mace              ||    15
       Club              ||    11
       Unarmed           ||     4
       Tailslap          ||     3
       Short sword       ||    48
 Cast: Beastly Appendage ||     1
Invok: Divine Protection ||     1
  Use: Scroll            ||     1
       Potion            ||     1
 Stab: Sleeping          ||     1
  Eat: Bread ration      ||     1
Armor: Skin              ||    40
Dodge: Dodged            ||    80
